 Dungeon Crawl Stone Soup version 0.23.2-30-g0e89c35649 (webtiles) character file.

Game seed: 9941318090030037616

7942 Atelerd the Destroyer (level 11, -3/69 HPs)
             Began as an Octopode Wizard on June 22, 2019.
             Was a High Priest of Sif Muna.
             Hit by a javelin of returning thrown by a centaur (12 damage)
             ... in a bailey.
             The game lasted 00:50:07 (14322 turns).

Atelerd the Destroyer (Octopode Wizard)            Turns: 14322, Time: 00:50:11

Health: -3/69      AC:  1    Str: 16    XL:     11   Next: 23%
Magic:  3/23       EV: 15    Int: 26    God:    Sif Muna [*****.]
Gold:   640        SH:  0    Dex: 10    Spells: 6/26 levels left

rFire    + . .     SeeInvis .   n - +3 dagger "Dydwor" {drain, rF+ Int+2}
rCold    . . .     Gourm    .   (no shield)
rNeg     + . .     Faith    .   a - +0 hat
rPois    .         Spirit   .   (no amulet)
rElec    .         Reflect  .   q - +4 ring of strength
rCorr    .         Harm     .   y - ring of positive energy
MR       +....                  (no ring)
Stlth    ++++++....             (no ring)
HPRegen  0.21/turn              (no ring)
MPRegen  0.18/turn              (no ring)
                                (no ring)
                                (no ring)

@: mighty
A: almost no armour, stealthy swim, amphibious, 8 rings, constrict 8, camouflage
1, magic resistance 1, wild magic 1, gelatinous body 1
a: Divine Energy, Channel Magic, Forget Spell, Renounce Religion


You were in a bailey.
You worshipped Sif Muna.
Sif Muna was extremely pleased with you.
You were not hungry.

You visited 1 branch of the dungeon, and saw 10 of its levels.
You also visited: Bailey.

You collected 640 gold pieces.

Inventory:

Hand Weapons
 k - a +1 trident of freezing
 n - the +3 dagger "Dydwor" (weapon) {drain, rF+ Int+2}
   (You found it on level 4 of the Dungeon)

   A truly terrible weapon, it drains the life of those it strikes.
   It affects your intelligence (+2).
   It protects you from fire.
 s - a +0 dagger of venom
 u - a +1 flail of protection
 v - a +0 dagger of protection
Missiles
 w - 4 javelins (quivered)
 z - a throwing net
Armour
 a - a +0 hat (worn)
Jewellery
 q - a +4 ring of strength (left tentacle)
 y - a ring of positive energy (right tentacle)
Wands
 g - a wand of clouds (4)
 o - a wand of enslavement (16)
Scrolls
 b - 5 scrolls of identify
 e - 3 scrolls of amnesia
 f - 4 scrolls of teleportation
 h - 2 scrolls of enchant weapon
 j - 8 scrolls of remove curse
 m - 3 scrolls of magic mapping
 r - a scroll of fear {unknown}
 x - a scroll of enchant armour {unknown}
 A - a scroll of immolation {unknown}
 C - 2 scrolls of vulnerability {unknown}
 E - 3 scrolls of fog {unknown}
Potions
 d - a potion of agility
 i - 4 potions of mutation
 p - a potion of haste
 t - 2 potions of might
 B - a potion of curing
 D - a potion of magic {unknown}
Comestibles
 c - 12 rations
 F - 7 chunks of flesh


   Skills:
 - Level 4.0 Fighting
 - Level 6.0 Dodging
 - Level 8.0 Stealth
 * Level 8.4 Spellcasting
 - Level 10.0 Conjurations
 - Level 1.0 Summonings
 - Level 4.5 Translocations
 + Level 1.1 Fire Magic
 + Level 1.2 Air Magic
 - Level 4.0 Invocations


You had 6 spell levels left.
You knew the following spells:

 Your Spells              Type           Power        Failure   Level  Hunger
a - Magic Dart            Conj           ####         1%          1    None
b - Mephitic Cloud        Conj/Pois/Air  #####...     6%          3    None
c - Blink                 Tloc           N/A          2%          2    None
d - Call Imp              Summ           ###.....     9%          2    None
e - Conjure Flame         Conj/Fire      ######..     3%          3    None
f - Force Lance           Conj/Tloc      ######..     4%          4    ##.....
g - Fireball              Conj/Fire      ######....   22%         5    ####...

Your spell library contained the following spells:

 Spells                   Type           Power        Failure   Level  Hunger
 Throw Icicle             Conj/Ice       #####...     11%         4    ##.....
 Slow                     Hex            ##......     13%         2    None
 Lightning Bolt           Conj/Air       ######....   21%         5    ####...
 Poison Arrow             Conj/Pois      #####.....   78%         6    ######.


Dungeon Overview and Level Annotations

Branches:
Dungeon (10/15)            Temple (0/1) D:4            Lair (0/6) D:8
    Orc (0/2) D:9

Altars:
Ashenzari
Dithmenos
Hepliaklqana
Okawaru
Sif Muna
Trog
Vehumet
Xom

Shops:
D:4 [   D:9 [

Annotations:
D:1 exclusion: downstairs
D:4 exclusion: downstairs
D:5 exclusion: downstairs
D:7 exclusions: downstairs and upstairs, Harold


Innate Abilities, Weirdness & Mutations

You cannot wear most types of armour.
You are very stealthy in the water. (Stealth+)
You are amphibious.
You can wear up to eight rings at the same time.
You can use your tentacles to constrict eight enemies at once.
Your skin changes colour to match your surroundings (Stealth+).
Your rubbery body absorbs attacks. (AC +1, EV +1)
You are resistant to hostile enchantments. (MR+)
Your spells are a little harder to cast, but a little more powerful.


Message History

* * * LOW HITPOINT WARNING * * *
You feel much better.
The orc hits you from afar with a +0 spear.
The orc barely misses you.
The orc hits you from afar with a +0 trident!
* * * LOW HITPOINT WARNING * * *
The centaur throws a javelin of returning.
The javelin of returning hits you!
* * * LOW HITPOINT WARNING * * *
The weapon returns to the centaur!
Okay, then.
Okay, then.
It was a potion of might.
You feel very mighty all of a sudden.
The centaur throws a javelin of returning.
The javelin of returning misses you.
The weapon returns to the centaur!
The orc closely misses you.
The centaur throws a javelin of returning.
The javelin of returning hits you!
You die...

#######
#####.....#####
#...o≈≈≈≈≈o...##
.⌠.≈≈≈..○≈)≈o⌠.#
..≈≈.o≈o≈o.≈≈o.#
.≈≈.≈≈)○○☼≈.≈≈.#
.≈.≈≈.....≈≈.≈o#
≈≈.≈.≈°≈@≈.≈.≈≈.#
≈.≈≈.≈...≈o≈≈.≈.#
≈.≈.≈≈.(.≈≈.≈.≈.#
≈c≈.≈.⌠∩⌠.≈.≈.≈.#
≈.≈.≈..∩..≈.≈.≈.#
≈.≈.≈.⌠∩⌠.≈.≈.≈.#
≈.≈.≈≈...≈≈.≈.≈.#
≈.≈≈.≈...≈.≈≈.≈.
≈≈.≈.≈≈.≈≈.≈.≈≈


You could see a centaur and 9 orcs.

Vanquished Creatures
  A two-headed ogre (D:10)
  A death yak (D:8)
  An ugly thing (D:7)
  A troll (D:8)
  A slime creature (D:7)
  A hippogriff (D:9)
  A hungry ghost (D:5)
  A steam dragon (D:8)
  Edmund (D:6)
  Duvessa (D:6)
  7 orc warriors
  2 black bears
  A sky beast (D:9)
  2 ice beasts
  3 necrophages
  3 ogres (D:8)
  5 centaurs
  A big kobold (D:10)
  10 bullfrogs
  A wyvern zombie (D:7)
  3 scorpions
  Dowan (D:6)
  A jelly (D:8)
  9 killer bees
  4 howler monkeys
  7 crimson imps
  2 centaur zombies
  A quasit (D:9)
  3 bullfrog zombies
  9 hounds
  8 orc priests
  A centaur skeleton (D:6)
  A bullfrog skeleton (D:7)
  8 orc wizards
  2 iguanas
  3 worker ants
  A hell rat (D:8)
  A hound zombie (D:7)
  3 hound skeletons
  2 worker ant zombies
  A howler monkey zombie (D:7)
  A gnoll (D:2)
  9 adders
  An adder zombie (D:6)
  2 adder skeletons
  4 worms
  2 dart slugs
  3 leopard geckos
  50 orcs
  A ball python (D:1)
  4 giant cockroaches
  9 goblins
  6 hobgoblins
  5 jackals
  3 quokkas
  6 bats
  A frilled lizard (D:2)
  2 jackal zombies
  11 kobolds
  A leopard gecko skeleton (D:5)
  4 rats
241 creatures vanquished.

Vanquished Creatures (collateral kills)
  A centaur (D:7)
  A killer bee (D:7)
  An adder (D:6)
3 creatures vanquished.

Vanquished Creatures (others)
  An ice beast (D:6)
1 creature vanquished.

Grand Total: 245 creatures vanquished

Notes
Turn   | Place    | Note
-------+----------+-------------------------------------------
     0 | D:1      | Atelerd the Octopode Wizard began the quest for the Orb.
     0 | D:1      | Reached XP level 1. HP: 11/11 MP: 4/4
   253 | D:1      | Reached XP level 2. HP: 15/18 MP: 6/6
   631 | D:1      | Reached skill level 1 in Fighting
   631 | D:1      | Reached skill level 2 in Conjurations
   771 | D:2      | Reached XP level 3. HP: 23/23 MP: 2/7
   776 | D:2      | Learned a level 3 spell: Mephitic Cloud
   780 | D:2      | Learned a level 2 spell: Blink
   783 | D:2      | Learned a level 2 spell: Call Imp
   854 | D:2      | Found a deep blue altar of Sif Muna.
   897 | D:2      | Became a worshipper of Sif Muna the Loreminder
  1155 | D:2      | Found a shattered altar of Ashenzari.
  1665 | D:2      | Reached XP level 4. HP: 22/28 MP: 5/9
  2376 | D:3      | Reached skill level 3 in Conjurations
  2376 | D:3      | Reached skill level 1 in Invocations
  2477 | D:3      | Reached XP level 5. HP: 27/34 MP: 7/10
  3247 | D:4      | Found Xaplof's Armour Boutique.
  3282 | D:4      | Got an ancient dagger
  3283 | D:4      | Identified the +3 dagger "Dydwor" {drain, rF+ Int+2} (You
                  | found it on level 4 of the Dungeon)
  3570 | D:4      | Found a staircase to the Ecumenical Temple.
  3732 | D:4      | Reached XP level 6. HP: 39/39 MP: 2/11
  3921 | D:5      | Entered Level 5 of the Dungeon
  3925 | D:5      | Noticed an ice beast
  3935 | D:5      | Learned a level 3 spell: Conjure Flame
  4266 | D:5      | Killed an ice beast
  4266 | D:5      | Reached * piety under Sif Muna
  4266 | D:5      | Reached skill level 4 in Conjurations
  4386 | D:5      | Found a shadowy altar of Dithmenos.
  4807 | D:5      | Reached XP level 7. HP: 37/45 MP: 8/13
  4869 | D:5      | Got a brightly glowing dagger
  4870 | D:5      | Identified the +2 dagger "Giantbane" {speed, Int+2} (You
                  | found it on level 5 of the Dungeon)
  5109 | D:5      | Noticed a hungry ghost
  5211 | D:5      | Killed a hungry ghost
  5211 | D:5      | Reached skill level 5 in Conjurations
  5394 | D:6      | Noticed Duvessa
  5394 | D:6      | Noticed Dowan
  5590 | D:7      | Reached XP level 8. HP: 41/52 MP: 9/14
  5628 | D:7      | Found an iron altar of Okawaru.
  5680 | D:7      | Reached ** piety under Sif Muna
  5680 | D:7      | Reached skill level 5 in Stealth
  5869 | D:7      | Reached skill level 6 in Conjurations
  6029 | D:7      | Noticed Harold
  6030 | D:7      | Gained mutation: You are resistant to hostile enchantments.
                  | (MR+) [potion of mutation]
  6030 | D:7      | Gained mutation: Your spells are a little harder to cast,
                  | but a little more powerful. [potion of mutation]
  6222 | D:7      | Reached skill level 5 in Spellcasting
  6393 | D:7      | Noticed a slime creature
  6544 | D:7      | Killed a slime creature
  6544 | D:7      | Reached skill level 7 in Conjurations
  6544 | D:7      | Reached XP level 9. HP: 29/56 MP: 2/17
  6764 | D:7      | Noticed a white ugly thing
  7282 | D:6      | Reached *** piety under Sif Muna
  7438 | D:6      | Noticed Edmund
  7846 | D:7      | Reached skill level 8 in Conjurations
  8726 | D:6      | Found a radiant altar of Vehumet.
  9105 | D:6      | Killed Edmund
  9122 | D:6      | Killed Dowan
  9773 | D:6      | Killed Duvessa
  9773 | D:6      | Reached XP level 10. HP: 60/63 MP: 12/19
 10108 | D:8      | Found a shimmering altar of Xom.
 10150 | D:8      | Found a hazy altar of Hepliaklqana.
 10527 | D:8      | Noticed a death yak
 10753 | D:7      | Killed a white ugly thing
 10753 | D:7      | Reached skill level 5 in Dodging
 11265 | D:8      | Noticed a death yak
 11266 | D:8      | Found a staircase to the Lair.
 11280 | D:8      | Noticed a death yak
 11281 | D:8      | Killed a death yak
 11710 | D:8      | Reached skill level 9 in Conjurations
 12483 | D:8      | Reached **** piety under Sif Muna
 12823 | D:9      | Found Ceseo's Armour Boutique.
 12825 | D:9      | Found a staircase to the Orcish Mines.
 13501 | D:9      | Reached XP level 11. HP: 65/69 MP: 8/22
 13548 | D:9      | Found a bloodstained altar of Trog.
 13587 | D:9      | Found a deep blue altar of Sif Muna.
 14033 | D:9      | Reached skill level 10 in Conjurations
 14099 | D:10     | Entered Level 10 of the Dungeon
 14128 | D:10     | Reached ***** piety under Sif Muna
 14128 | D:10     | Identified Sif Muna's Reference Book on Battle Magic (Sif
                  | Muna gifted it to you on level 10 of the Dungeon)
 14128 | D:10     | Received a gift from Sif Muna
 14174 | D:10     | Learned a level 4 spell: Force Lance
 14180 | D:10     | Learned a level 5 spell: Fireball
 14199 | D:10     | Noticed a two-headed ogre
 14209 | D:10     | Killed a two-headed ogre
 14209 | D:10     | Reached skill level 1 in Fire Magic
 14209 | D:10     | Reached skill level 1 in Air Magic
 14259 | D:10     | Found a flagged portal.
 14308 | Bailey   | Entered a bailey
 14322 | Bailey   | Hit by a javelin of returning thrown by a centaur

Skill      XL: |  1  2  3  4  5  6  7  8  9 10 11 |
---------------+----------------------------------+-----
Fighting       | 1 2 3 4 |  4.0
Conjurations   | 2 3 4 5 7 8 9 10 | 10.0
Invocations    | 1 2 3 4 |  4.0
Stealth        | 3 4 6 8 |  8.0
Spellcasting   | 4 5 6 7 8 |  8.4
Translocations | 2 3 4 |  4.5
Dodging        | 3 6 |  6.0
Fire Magic     | 1 |  1.1
Air Magic      | 1 |  1.2
Summonings     | |  1.0

Action                   |  1- 3 |  4- 6 |  7- 9 | 10-12 || total
-------------------------+-------+-------+-------+-------++-------
Melee: Short sword       |    57 |    10 |       |       ||    67
       Tentacles         |     4 |     8 |    24 |    22 ||    58
       Unarmed           |     4 |       |       |       ||     4
       Constrict         |    16 |    21 |    39 |    27 ||   103
       Trident           |       |    65 |    45 |    13 ||   123
       Dagger            |       |    42 |   142 |   129 ||   313
 Cast: Magic Dart        |    47 |    48 |   117 |   155 ||   367
       Mephitic Cloud    |     1 |    11 |    49 |    34 ||    95
       Blink             |     1 |     2 |    12 |    12 ||    27
       Conjure Flame     |       |     7 |    27 |    29 ||    63
       Call Imp          |       |       |     4 |     1 ||     5
       Force Lance       |       |       |       |     1 ||     1
Invok: Channel Magic     |       |       |     2 |       ||     2
Evoke: Wand              |       |       |     3 |       ||     3
  Use: Scroll            |       |       |     8 |       ||     8
       Potion            |       |       |     3 |     2 ||     5
 Stab: Sleeping          |     6 |     6 |     5 |     5 ||    22
       Confused          |     1 |     4 |     8 |     4 ||    17
       Distracted        |       |       |     1 |     1 ||     2
  Eat: Chunk             |     2 |     5 |    11 |    10 ||    28
       Ration            |       |     2 |     2 |     1 ||     5
Armor: Skin              |    13 |     2 |     6 |     7 ||    28
Dodge: Dodged            |    59 |    36 |   118 |   101 ||   314
